PIO (24 & UNDER)
COLORADO COMMANDERS @ CHULA VISTA TACOS
06/24/2026
 
TOP OF THE 1ST
Colorado Commanders batting - Pitching for Chula Vista Tacos : RHP Manuel González
Pitching: RHP Manuel González
Batting: SHB Pancho Vásquez 0-0: Ball
1-0: Swinging Strike
1-1: Ground out 5-3 (Groundball, 56S)
Batting: LHB Juan Torres 0-0: SINGLE (Groundball, 6M)
Batting: RHB Tim Adkins 0-0: Called Strike
0-1: Foul Ball, location: 2F
0-2: Foul Ball, location: 2F
0-2: Strikes out swinging
Batting: RHB Ricardo Remedios 0-0: Called Strike
0-1: SINGLE (Groundball, 6MD)
Juan Torres to second
Batting: LHB Arturo Rodledo 0-0: Called Strike
0-1: Ball
1-1: Foul Ball, location: 2F
1-2: Ball
2-2: Ball
3-2: Strikes out swinging
Top of the 1st over - 0 run(s), 2 hit(s), 0 error(s), 2 left on base; Colorado 0 - Chula Vista 0
BOTTOM OF THE 1ST
Chula Vista Tacos batting - Pitching for Colorado Commanders : RHP José Deleón
Pitching: RHP José Deleón
Batting: RHB Gustavo Torres 0-0: Ball
1-0: Foul Ball, location: 2F
1-1: Ball
2-1: Ball
3-1: Called Strike
3-2: SINGLE (Line Drive, 6)
Batting: RHB Manny Torrez 0-0: Called Strike
Gustavo Torres steals 2nd base
0-1: Called Strike
0-2: Foul Ball, location: 2F
0-2: Foul Ball, location: 2F
0-2: Fly out, F4 (Popup, 4MD)
Batting: RHB Ray Rogers 0-0: Foul Ball, location: 2F
0-1: Ball
1-1: Ball
2-1: Foul Ball, location: 2F
2-2: Foul Ball, location: 2F
2-2: Ball
3-2: Ground out 4-3 (Groundball, 4M)
Gustavo Torres to third
Batting: LHB Gonzalo Benítez 0-0: Called Strike
0-1: Fly out, F9 (Line Drive, 89M)
Bottom of the 1st over - 0 run(s), 1 hit(s), 0 error(s), 1 left on base; Colorado 0 - Chula Vista 0
TOP OF THE 2ND
Colorado Commanders batting - Pitching for Chula Vista Tacos : RHP Manuel González
Batting: RHB Alberto Soto 0-0: Ball
1-0: TRIPLE (Flyball, 89M)
Batting: RHB Frank Martínez 0-0: Ball
1-0: Swinging Strike
1-1: Ball
2-1: Fly out, F8 (Flyball, 8LM)
Runner from 3rd tags up, SCORES, no throw
Batting: RHB Samuel Pasolini 0-0: Called Strike
0-1: Called Strike
0-2: Ball
1-2: Strikes out looking
Batting: LHB Javier Martínez 0-0: Swinging Strike
0-1: Called Strike
0-2: Strikes out looking
Top of the 2nd over - 1 run(s), 1 hit(s), 0 error(s), 0 left on base; Colorado 1 - Chula Vista 0
BOTTOM OF THE 2ND
Chula Vista Tacos batting - Pitching for Colorado Commanders : RHP José Deleón
Batting: LHB Joe Baker 0-0: Called Strike
0-1: Foul Ball, location: 2F
0-2: Ball
1-2: Ground out U3 (Groundball, 3S)
Batting: SHB Walt Rodgers 0-0: Called Strike
0-1: Ball
1-1: Ball
2-1: Swinging Strike
2-2: Ball
3-2: Strikes out looking
Batting: RHB Tom Cirilo 0-0: Ball
1-0: Ball
2-0: Called Strike
2-1: Swinging Strike
2-2: SINGLE (Groundball, 34D)
Batting: RHB Ron Garrett 0-0: Ball
1-0: Called Strike
1-1: SINGLE (Line Drive, 6MD)
Tom Cirilo to second
Batting: SHB Michael Aisher 0-0: Ground out 4-3 (Groundball, 4)
Bottom of the 2nd over - 0 run(s), 2 hit(s), 0 error(s), 2 left on base; Colorado 1 - Chula Vista 0
TOP OF THE 3RD
Colorado Commanders batting - Pitching for Chula Vista Tacos : RHP Manuel González
Batting: SHB Pancho Vásquez 0-0: Ball
1-0: Ball
2-0: Ball
3-0: Base on Balls
Batting: LHB Juan Torres 0-0: Ball
1-0: Called Strike
1-1: Called Strike
1-2: Grounds into double play, 6-4-3 (Groundball, 56)
Batting: RHB Tim Adkins 0-0: Called Strike
0-1: Ball
1-1: Ball
2-1: Swinging Strike
2-2: Foul Ball, location: 2F
2-2: Strikes out swinging
Top of the 3rd over - 0 run(s), 0 hit(s), 0 error(s), 0 left on base; Colorado 1 - Chula Vista 0
BOTTOM OF THE 3RD
Chula Vista Tacos batting - Pitching for Colorado Commanders : RHP José Deleón
Batting: RHB Gustavo Torres 0-0: Ball
1-0: Swinging Strike
1-1: Fly out, F7 (Flyball, 78D)
Batting: RHB Manny Torrez 0-0: Ball
1-0: Ball
2-0: Called Strike
2-1: Ball
3-1: Ground out 6-3 (Groundball, 6)
Batting: RHB Ray Rogers 0-0: Ball
1-0: Called Strike
1-1: Ball
2-1: Ball
3-1: Foul Ball, location: 2F
3-2: Strikes out looking
Bottom of the 3rd over - 0 run(s), 0 hit(s), 0 error(s), 0 left on base; Colorado 1 - Chula Vista 0
TOP OF THE 4TH
Colorado Commanders batting - Pitching for Chula Vista Tacos : RHP Manuel González
Batting: RHB Ricardo Remedios 0-0: Ball
1-0: Ground out 5-3 (Groundball, 56)
Batting: LHB Arturo Rodledo 0-0: Ball
1-0: Foul Ball, location: 2F
1-1: Ball
2-1: SINGLE (Line Drive, 8LS)
Batting: RHB Alberto Soto 0-0: Ball
1-0: Called Strike
1-1: Foul Ball, location: 2F
1-2: Foul Ball, location: 2F
1-2: Fly out, F8 (Flyball, 8LM)
Batting: RHB Frank Martínez 0-0: Called Strike
0-1: Ball
1-1: Swinging Strike
1-2: Fly out, F8 (Flyball, 8LD)
Top of the 4th over - 0 run(s), 1 hit(s), 0 error(s), 1 left on base; Colorado 1 - Chula Vista 0
BOTTOM OF THE 4TH
Chula Vista Tacos batting - Pitching for Colorado Commanders : RHP José Deleón
Batting: LHB Gonzalo Benítez 0-0: Ball
1-0: Foul Ball, location: 2F
1-1: Ball
2-1: Swinging Strike
2-2: Ground out U3 (Groundball, 3)
Batting: LHB Joe Baker 0-0: Ball
1-0: Called Strike
1-1: Swinging Strike
1-2: Strikes out swinging
Batting: SHB Walt Rodgers 0-0: SINGLE (Groundball, 34D)
Batting: RHB Tom Cirilo 0-0: Called Strike
0-1: Ball
1-1: Ball
Wild Pitch!
Walt Rodgers to second
2-1: Ground out 5-3 (Groundball, 5)
Bottom of the 4th over - 0 run(s), 1 hit(s), 0 error(s), 1 left on base; Colorado 1 - Chula Vista 0
TOP OF THE 5TH
Colorado Commanders batting - Pitching for Chula Vista Tacos : RHP Manuel González
Batting: RHB Samuel Pasolini 0-0: Called Strike
0-1: Called Strike
0-2: Ball
1-2: Ball
2-2: Ball
3-2: Strikes out swinging
Batting: LHB Javier Martínez 0-0: Ball
1-0: Called Strike
1-1: Ball
2-1: Swinging Strike
2-2: Ball
3-2: Base on Balls
Batting: SHB Pancho Vásquez 0-0: Called Strike
0-1: Fly out, F6 (Line Drive, 6M)
Batting: LHB Juan Torres 0-0: Called Strike
0-1: Ball
1-1: Swinging Strike
1-2: Strikes out swinging
Top of the 5th over - 0 run(s), 0 hit(s), 0 error(s), 1 left on base; Colorado 1 - Chula Vista 0
BOTTOM OF THE 5TH
Chula Vista Tacos batting - Pitching for Colorado Commanders : RHP José Deleón
Batting: RHB Ron Garrett 0-0: Foul Ball, location: 2F
0-1: Fly out, F6 (Popup, 5DF)
Batting: SHB Michael Aisher 0-0: Ball
1-0: Ball
2-0: Ball
3-0: Base on Balls
Batting: RHB Gustavo Torres 0-0: Ball
1-0: Foul Ball, location: 2F
1-1: SINGLE (Line Drive, 78S)
Michael Aisher to second
Batting: RHB Manny Torrez 0-0: Fielders Choice at 2nd, 6-4 (Groundball, 6)
Michael Aisher to third
Batting: RHB Ray Rogers 0-0: Ball
1-0: Foul Ball, location: 2F
1-1: SINGLE (Line Drive, 8LS)
Michael Aisher scores
Manny Torrez to second
Runner from 2nd tries for 3rd, SAFE, throw made to third
Batting: LHB Gonzalo Benítez 0-0: Foul Ball, location: 2F
0-1: Called Strike
0-2: Fly out, F9 (Flyball, 89M)
Bottom of the 5th over - 1 run(s), 2 hit(s), 0 error(s), 2 left on base; Colorado 1 - Chula Vista 1
TOP OF THE 6TH
Colorado Commanders batting - Pitching for Chula Vista Tacos : RHP Manuel González
Batting: RHB Tim Adkins 0-0: Called Strike
0-1: Ball
1-1: Ground out 4-3 (Groundball, 34)
Batting: RHB Ricardo Remedios 0-0: Ball
1-0: Swinging Strike
1-1: Ball
2-1: Foul Ball, location: 2F
2-2: Foul Ball, location: 2F
2-2: Ball
3-2: SINGLE (Flyball, 8LS)
Pitching: RHP Juan Salinas
Batting: LHB Arturo Rodledo 0-0: Swinging Strike
0-1: Ball
1-1: Ball
2-1: Ball
3-1: Base on Balls
Ricardo Remedios to second
Batting: RHB Alberto Soto 0-0: Ball
1-0: Swinging Strike
1-1: Called Strike
1-2: SINGLE (Groundball, 56S)
Ricardo Remedios to third
Arturo Rodledo to second
Runner from 3rd tries for Home, SAFE, no throw or cutoff
Batting: RHB Frank Martínez 0-0: Grounds into double play, 5-4-3 (Groundball, 5)
Top of the 6th over - 1 run(s), 2 hit(s), 0 error(s), 1 left on base; Colorado 2 - Chula Vista 1
BOTTOM OF THE 6TH
Chula Vista Tacos batting - Pitching for Colorado Commanders : RHP José Deleón
Pitching: RHP Josh Carson
Batting: LHB Joe Baker 0-0: Ball
1-0: Called Strike
1-1: Fly out, F6 (Popup, 5D)
Batting: SHB Walt Rodgers 0-0: Called Strike
0-1: Swinging Strike
0-2: Fly out, F9 (Flyball, 9M)
Batting: RHB Tom Cirilo 0-0: Called Strike
0-1: Foul Ball, location: 2F
0-2: Foul Ball, location: 2F
0-2: Ball
1-2: SINGLE (Groundball, 6MD)
Batting: RHB Ron Garrett 0-0: Ball
1-0: Swinging Strike
1-1: Called Strike
1-2: Strikes out swinging
Bottom of the 6th over - 0 run(s), 1 hit(s), 0 error(s), 1 left on base; Colorado 2 - Chula Vista 1
TOP OF THE 7TH
Colorado Commanders batting - Pitching for Chula Vista Tacos : RHP Juan Salinas
Batting: RHB Samuel Pasolini 0-0: Ball
1-0: Called Strike
1-1: Ball
2-1: Called Strike
2-2: Ball
3-2: Fly out, F9 (Flyball, 9M)
Batting: LHB Javier Martínez 0-0: Foul Ball, location: 2F
0-1: Swinging Strike
0-2: Foul Ball, location: 2F
0-2: Fly out, F8 (Flyball, 8LS)
Batting: SHB Pancho Vásquez 0-0: Ball
1-0: Called Strike
1-1: Ground out U3 (Groundball, 3)
Top of the 7th over - 0 run(s), 0 hit(s), 0 error(s), 0 left on base; Colorado 2 - Chula Vista 1
BOTTOM OF THE 7TH
Chula Vista Tacos batting - Pitching for Colorado Commanders : RHP Josh Carson
Batting: SHB Michael Aisher 0-0: Foul Ball, location: 2F
0-1: Fly out, F7 (Flyball, 78S)
Batting: RHB Gustavo Torres 0-0: Ball
1-0: Ball
2-0: Ball
3-0: Base on Balls
Pinch Hitting: LHB Jaime Icaza 0-0: Ball
1-0: Called Strike
Gustavo Torres steals 2nd base
1-1: Ground out 1-3 (Groundball, 15)
Batting: RHB Ray Rogers 0-0: Called Strike
0-1: Foul Ball, location: 2F
0-2: Strikes out looking
Bottom of the 7th over - 0 run(s), 0 hit(s), 0 error(s), 1 left on base; Colorado 2 - Chula Vista 1
TOP OF THE 8TH
Colorado Commanders batting - Pitching for Chula Vista Tacos : RHP Juan Salinas
Now in LF: Jaime Icaza
Batting: LHB Juan Torres 0-0: Foul Ball, location: 2F
0-1: Ball
1-1: Fly out, F7 (Flyball, 78XD)
Pitching: RHP Jody Clemente
Batting: RHB Tim Adkins 0-0: Foul Ball, location: 2F
0-1: Ball
1-1: Called Strike
1-2: Strikes out swinging
Batting: RHB Ricardo Remedios 0-0: Swinging Strike
0-1: Ball
1-1: Foul Ball, location: 2F
1-2: Foul Ball, location: 2F
1-2: Foul Ball, location: 2F
1-2: Strikes out swinging
Top of the 8th over - 0 run(s), 0 hit(s), 0 error(s), 0 left on base; Colorado 2 - Chula Vista 1
BOTTOM OF THE 8TH
Chula Vista Tacos batting - Pitching for Colorado Commanders : RHP Josh Carson
Pitching: RHP Bill Davis
Now in RF: Rafael López
Batting: LHB Gonzalo Benítez 0-0: Ball
1-0: SINGLE (Line Drive, 4MD)
Batting: LHB Joe Baker 0-0: Fielders Choice at 2nd, 3-6 (Groundball, 3)
Batting: SHB Walt Rodgers 0-0: Ball
1-0: Called Strike
1-1: Ball
2-1: Fly out, F6 (Popup, 56)
Batting: RHB Tom Cirilo 0-0: Foul Ball, location: 2F
0-1: Swinging Strike
0-2: Ball
1-2: Ball
2-2: Fly out, F7 (Flyball, 7D)
Bottom of the 8th over - 0 run(s), 1 hit(s), 0 error(s), 1 left on base; Colorado 2 - Chula Vista 1
TOP OF THE 9TH
Colorado Commanders batting - Pitching for Chula Vista Tacos : RHP Jody Clemente
Pitching: RHP Joe Shoemaker
Batting: LHB Arturo Rodledo 0-0: SINGLE (Groundball, 3L)
Pinch Hitting: LHB Luis Torres 0-0: Ball
1-0: Ball
2-0: Sac Bunt - play at first, batter OUT! 5-3
Arturo Rodledo to second
Pinch Hitting: RHB Mike Martin 0-0: Intentional Walk
Pinch Hitting: RHB Gerald Johnson 0-0: Called Strike
0-1: Ball
1-1: Called Strike
1-2: Ball
2-2: Ball
3-2: Foul Ball, location: 2F
3-2: Fielders Choice at 2nd, 6-4 (Groundball, 6M)
Arturo Rodledo to third
Batting: LHB Javier Martínez 0-0: Ground out 6-3 (Groundball, 6)
Top of the 9th over - 0 run(s), 1 hit(s), 0 error(s), 2 left on base; Colorado 2 - Chula Vista 1
BOTTOM OF THE 9TH
Chula Vista Tacos batting - Pitching for Colorado Commanders : RHP Bill Davis
Pitching: LHP Bernardo Dodson
Now at 2B: Gerald Johnson
Now at 3B: Mike Martin
Now in LF: Luis Torres
Pinch Hitting: RHB Joel Carlson 0-0: Ball
1-0: Ball
2-0: Ball
3-0: Base on Balls
Pinch Hitting: RHB Dave King 0-0: Ball
Wild Pitch!
Joel Carlson to second
1-0: Ground out 5-3 (Groundball, 5S)
Joel Carlson to third
Batting: RHB Gustavo Torres 0-0: Ball
1-0: Ball
2-0: Ball
3-0: Base on Balls
Batting: LHB Jaime Icaza 0-0: Ball
1-0: Called Strike
1-1: Ball
2-1: Called Strike
2-2: Foul Ball, location: 2F
2-2: Foul Ball, location: 2F
2-2: Ball
3-2: Strikes out swinging
Batting: RHB Ray Rogers 0-0: Ball
Reached via error on a dropped throw, E3
Joel Carlson scores
Gustavo Torres to second
Pinch Hitting: RHB Juan Morales 0-0: Fly out, F1 (Line Drive, 13S)
Bottom of the 9th over - 1 run(s), 0 hit(s), 1 error(s), 2 left on base; Colorado 2 - Chula Vista 2
TOP OF THE 10TH
Colorado Commanders batting - Pitching for Chula Vista Tacos : RHP Joe Shoemaker
Now at SS: Joel Carlson
Now in LF: Juan Morales
Now in CF: Dennis Lovett
Batting: SHB Pancho Vásquez 0-0: Ball
1-0: Called Strike
1-1: Ball
2-1: Ball
3-1: Called Strike
3-2: Base on Balls
Batting: LHB Juan Torres 0-0: Called Strike
0-1: Grounds into double play, 6-4-3 (Groundball, 6)
Batting: RHB Tim Adkins 0-0: Called Strike
0-1: Swinging Strike
0-2: Ball
1-2: Ball
2-2: Foul Ball, location: 2F
2-2: Strikes out swinging
Top of the 10th over - 0 run(s), 0 hit(s), 0 error(s), 0 left on base; Colorado 2 - Chula Vista 2
BOTTOM OF THE 10TH
Chula Vista Tacos batting - Pitching for Colorado Commanders : LHP Bernardo Dodson
Batting: LHB Joe Baker 0-0: Called Strike
0-1: Called Strike
0-2: Foul Ball, location: 2F
0-2: Strikes out swinging
Batting: SHB Walt Rodgers 0-0: Called Strike
0-1: Foul Ball, location: 2F
0-2: Ball
1-2: Strikes out looking
Batting: RHB Tom Cirilo 0-0: Ball
1-0: Called Strike
1-1: Swinging Strike
1-2: Fly out, F5 (Popup, 15)
Bottom of the 10th over - 0 run(s), 0 hit(s), 0 error(s), 0 left on base; Colorado 2 - Chula Vista 2
TOP OF THE 11TH
Colorado Commanders batting - Pitching for Chula Vista Tacos : RHP Joe Shoemaker
Pitching: LHP Brock Saunders
Pinch Hitting: RHB Carlos Hernández 0-0: Ball
1-0: Swinging Strike
1-1: Ball
2-1: Ball
3-1: Base on Balls
Pinch Runner at 1st Theodore Cook:
Batting: LHB Arturo Rodledo 0-0: Ball
1-0: Foul Ball, location: 2F
1-1: Ball
Theodore Cook steals 2nd base
2-1: Swinging Strike
2-2: Strikes out looking
Batting: LHB Luis Torres 0-0: Called Strike
0-1: Ball
1-1: Ball
2-1: Foul Ball, location: 2F
2-2: Ground out 4-3 (Groundball, 34)
Theodore Cook to third
Batting: RHB Mike Martin 0-0: Called Strike
0-1: Ball
1-1: Ball
2-1: Ground out 5-3 (Groundball, 56S)
Top of the 11th over - 0 run(s), 0 hit(s), 0 error(s), 1 left on base; Colorado 2 - Chula Vista 2
BOTTOM OF THE 11TH
Chula Vista Tacos batting - Pitching for Colorado Commanders : LHP Bernardo Dodson
Pitching: RHP Jesús Medina
Now in RF: Theodore Cook
Batting: RHB Joel Carlson 0-0: Called Strike
0-1: Ball
1-1: Ground out 1-3 (Groundball, 23)
Batting: LHB Dennis Lovett 0-0: Ball
1-0: Swinging Strike
1-1: Called Strike
1-2: Ball
2-2: Foul Ball, location: 2F
2-2: Foul Ball, location: 2F
2-2: Fly out, F8 (Flyball, 8RM)
Batting: RHB Gustavo Torres 0-0: Ball
1-0: Ball
2-0: Ball
3-0: Called Strike
3-1: Base on Balls
Batting: LHB Jaime Icaza 0-0: Ball
1-0: Swinging Strike
1-1: Foul Ball, location: 2F
1-2: Ball
Gustavo Torres steals 2nd base
2-2: Ball
3-2: SINGLE (Groundball, 6MD)
Gustavo Torres to third
Gustavo Torres scores
Monday, December 5th, 2016 - OOTP Baseball 17.12 Build 75